 Dungeon Crawl Stone Soup version 0.27-a0-1312-g5cdb2b3542 (webtiles) character file.

Game seed: 12745000637520877286

17472 dickylongcocking the Fighter (level 12, -2/96 HPs)
             Began as a Djinni Fire Elementalist on June 21, 2021.
             Was an Elder of Makhleb.
             Killed from afar by an ice dragon (32 damage)
             ... with a blast of cold
             ... in an ice cave.
             The game lasted 00:20:50 (21811 turns).

dickylongcocking the Fighter (DjFE)                Turns: 21811, Time: 00:20:51

Health: -2/96      AC: 10    Str: 11    XL:     12   Next: 83%
Gold:   825        EV: 15    Int: 26    God:    Makhleb [****..] SH:  5 Dex: 16

rFire    + + .     SeeInvis .   D - +2 great sword (freeze)
rCold    . . .     Faith    .   (shield currently unavailable)
rNeg     . . .     Spirit   .   v - +3 leather armour of the Ancient Ships {rPois}
rPois    ∞         Reflect  +   (no helmet)
rElec    +         Harm     .   (no cloak)
rCorr    .         Rampage  .   (no gloves)
Will     +....                  (boots unavailable)
Stlth    ++........             J - amulet of reflection
HPRegen  0.26/turn              y - ring "Naitum" {rC+ AC+4 Str+4 Slay+6}
MPRegen  0.00/turn              f - ring of the Everdark {rElec Int+6}

@: flying, studying Fighting
A: sickness immunity, fire resistance 2, cold vulnerability 1, float, innate
caster, hp casting, extra vitality 1
a: Renounce Religion, Minor Destruction, Lesser Servant of Makhleb, Major
Destruction


You were in an ice cave.
You worshipped Makhleb.
Makhleb was greatly pleased with you.
You visited 2 branches of the dungeon, and saw 13 of its levels.
You also visited: Ossuary and Ice Cave.

You collected 895 gold pieces.
You spent 70 gold pieces at shops.

Inventory:

Hand Weapons
 b - a +0 whip
 d - a +2 falchion of protection
 D - a +2 great sword of freezing (weapon)
Missiles
 o - a throwing net
 G - 8 curare-tipped darts
Armour
 a - a +0 robe
 v - the +3 leather armour of the Ancient Ships (worn) {rPois}
   (You found it on level 4 of the Dungeon)

   It protects you from poison.
 I - a +1 ring mail of fire resistance
Magical Staves
 l - a staff of air
Jewellery
 f - the ring of the Everdark (right hand) {rElec Int+6}
   (You acquired it on level 9 of the Dungeon)

   [ring of intelligence]

   It affects your intelligence (+6).
   It insulates you from electricity.
 t - a ring of poison resistance
 y - the ring "Naitum" (left hand) {rC+ AC+4 Str+4 Slay+6}
   (You found it on level 6 of the Dungeon)

   [ring of protection]

   It affects your AC (+4).
   It affects your strength (+4).
   It affects your accuracy and damage with ranged weapons and melee attacks
   (+6).
   It protects you from cold.
 J - an amulet of reflection (around neck)
 N - a +4 ring of protection
Wands
 w - a wand of polymorph (12)
 z - a wand of paralysis (28)
 A - a wand of digging (5)
 B - a wand of flame (19)
Scrolls
 g - a scroll of torment
 k - 2 scrolls of amnesia
 m - 7 scrolls of teleportation
 p - a scroll of fear
 u - 3 scrolls of fog
 K - 2 scrolls of enchant armour
 L - a scroll of silence {unknown}
 O - 2 scrolls of noise
 P - a scroll of enchant weapon
Potions
 c - 6 potions of curing
 e - a potion of resistance {unknown}
 h - 2 potions of lignification {unknown}
 i - 2 potions of degeneration {unknown}
 j - 2 potions of mutation
 n - a potion of haste
 q - 2 potions of attraction {unknown}
 r - 7 potions of ambrosia
 s - 3 potions of magic {unknown}
 C - 3 potions of flight
 H - 2 potions of cancellation {unknown}


   Skills:
 * Level 12.7 Fighting
 * Level 8.9 Long Blades
 - Level 6.5 Armour
 - Level 8.0 Dodging
 - Level 1.5 Stealth
 * Level 8.1 Spellcasting


You couldn't memorise any spells.
You knew the following spells:

 Your Spells              Type           Power      Damage    Failure   Level
a - Foxfire               Conj/Fire      100%       2x1d9     1%          1
b - Conjure Flame         Conj/Fire      51%        6-21      1%          3
c - Inner Flame           Hex/Fire       51%        N/A       1%          3
d - Sticky Flame          Conj/Fire      51%        2d7       2%          4
e - Fireball              Conj/Fire      25%        3d11      7%          5
f - Freeze                Ice            100%       1d11      1%          1
g - Blink                 Tloc           N/A        N/A       1%          2
h - Spider Form           Tmut/Pois      25%        N/A       1%          3
i - Portal Projectile     Hex/Tloc       100%       N/A       1%          3
j - Fulminant Prism       Conj/Hex       25%        3d14      2%          4
Your spell library was empty.

Dungeon Overview and Level Annotations

Branches:
Dungeon (12/15)            Temple (1/1) D:4            Lair (0/6) D:8
    Orc (0/2) D:9         Ossuary (visited)           IceCv (1/1)

Altars:
Cheibriados
Fedhas
Hepliaklqana
Kikubaaqudgha
Makhleb
Nemelex Xobeh
Okawaru
Qazlal
Ru
Sif Muna
Trog
Vehumet
Wu Jian
Xom
Yredelemnul
The Shining One

Shops:
D:8 !   D:11 (


Innate Abilities, Weirdness & Mutations

You are immune to sickness and miasma.
You are immune to poison.
Your flesh is very heat resistant. (rF++)
You are vulnerable to cold. (rC-)
You float through the air rather than walking.
You learn spells naturally, not from books.
Your magical power is your life essence.
You have superior vitality. (+4 HP)


Message History

Press: ? - help, Shift-Dir - straight line, f - rime drake
Aim: a rime drake (100% to hit)
The sticky flame hits the rime drake!
The rime drake is moderately wounded.
The rime drake is covered in liquid flames!
The rime drake burns!
The rime drake bites you.
You slice the rime drake!! You freeze the rime drake.
You kill the rime drake!
Makhleb accepts your kill.
You feel better.
You see here a rime drake corpse.
You now have 633 gold pieces (gained 16).
You now have 652 gold pieces (gained 19).
You now have 672 gold pieces (gained 20).
You now have 696 gold pieces (gained 24).
You now have 717 gold pieces (gained 21).
You now have 741 gold pieces (gained 24).
You now have 752 gold pieces (gained 11).
You now have 777 gold pieces (gained 25).
You now have 786 gold pieces (gained 9).
You now have 795 gold pieces (gained 9).
You now have 810 gold pieces (gained 15).
You now have 825 gold pieces (gained 15). 2 ice dragons come into view.
The ice dragon roars deafeningly! x2
Found four items.
There are monsters nearby!
There are monsters nearby!
There are monsters nearby!
Found 80 gold pieces.
You see here 16 gold pieces.
The ice dragon breathes frost at you. The blast of cold hits you!!
The ice dragon breathes frost at you.
The blast of cold hits the ice dragon!
The ice dragon resists.
The blast of cold hits you!!
You see here an amulet of the acrobat.
The ice dragon breathes frost at you. The blast of cold hits you!!
You die...

#≈≈≈#..########
###≈≈#.#####
#≈≈≈≈≈≈≈≈≈≈##≈
##≈≈≈≈≈≈≈≈≈≈≈≈≈
##≈≈≈≈≈≈≈≈≈≈≈≈
#.#≈#########
#..##$$$$$
##$$=$..$$
#@"=D.D..$
##==......
###......
##.... ###.


You could see 2 ice dragons.

Vanquished Creatures
  3 two-headed ogres
  2 manticores (D:12)
  2 ice statues (IceCv)
  Joseph (D:8)
  2 rime drakes (IceCv)
  A freezing wraith (D:10)
  A queen bee (D:11)
  6 trolls
  A hornet (D:8)
  10 yaks
  A vampire (D:10)
  3 wraiths
  Sigmund (D:5)
  3 shadows
  A wyvern (D:11)
  A basilisk (D:12)
  2 steam dragons
  8 vampire mosquitoes (D:11)
  A water moccasin (D:8)
  A sky beast (D:6)
  4 orc warriors
  18 ice beasts
  A black bear (D:8)
  A necrophage (D:8)
  An ogre (D:5)
  3 centaurs
  A phantom (D:9)
  An elf zombie (Ossuary)
  4 bullfrogs
  4 kobold brigands
  3 scorpions
  3 gnoll sergeants
  A wyvern zombie (D:5)
  24 killer bees
  A troll zombie (D:9)
  3 wights (D:7)
  3 howler monkeys
  7 centaur zombies
  7 orc priests
  2 hounds (D:4)
  3 human zombies (Ossuary)
  2 jellies (D:4)
  2 centaur skeletons (D:6)
  4 iguanas
  8 orc wizards
  A killer bee zombie (D:7)
  5 ogre zombies (D:9)
  A hound zombie (Ossuary)
  A hound skeleton (D:3)
  3 mummies (Ossuary)
  3 howler monkey zombies
  14 gnolls
  7 adders
  2 ufetubi
  5 adder zombies (Ossuary)
  3 worms
  A dart slug (D:3)
  27 orcs
  6 ball pythons
  A bat zombie (D:4)
  5 endoplasms
  2 giant cockroaches
  5 goblins
  6 hobgoblins
  9 jackals
  2 quokkas (D:1)
  7 bats
  3 frilled lizards
  A goblin skeleton (D:9)
  7 goblin zombies (Ossuary)
  A hobgoblin skeleton (D:9)
  4 hobgoblin zombies
  4 jackal zombies (Ossuary)
  27 kobolds
  4 kobold zombies (Ossuary)
  4 orc skeletons (D:9)
  11 orc zombies
  4 quokka zombies (Ossuary)
  5 rats
  A rat zombie (Ossuary)
354 creatures vanquished.

Vanquished Creatures (collateral kills)
  An ice beast (IceCv)
  4 foxfires (D:3)
5 creatures vanquished.

Vanquished Creatures (others)
  830 foxfires
  4 plants (D:3)
834 creatures vanquished.

Grand Total: 1193 creatures vanquished

Notes
Turn   | Place    | Note
-------+----------+-------------------------------------------
     0 | D:1      | dickylongcocking the Djinni Fire Elementalist began the
                  | quest for the Orb.
     0 | D:1      | Reached XP level 1. HP: 15/15 MP: 0/0
   159 | D:1      | Reached skill level 1 in Fighting
   504 | D:1      | Reached XP level 2. HP: 20/22 MP: 0/0
   884 | D:1      | Found a stormy altar of Qazlal.
   940 | D:1      | Reached skill level 2 in Fighting
  1253 | D:1      | Reached XP level 3. HP: 27/29 MP: 0/0
  1253 | D:1      | Learned a level 1 spell: Freeze
  1284 | D:1      | Found a faded altar of an unknown god.
  1981 | D:2      | Reached skill level 3 in Fighting
  1994 | D:2      | Reached XP level 4. HP: 30/35 MP: 0/0
  2576 | D:2      | Reached skill level 4 in Fighting
  2901 | D:3      | Reached XP level 5. HP: 38/41 MP: 0/0
  2901 | D:3      | Learned a level 2 spell: Blink
  3301 | D:3      | Reached skill level 5 in Fighting
  3301 | D:3      | Reached XP level 6. HP: 11/49 MP: 0/0
  4154 | D:4      | Found a sand-covered staircase.
  4167 | Ossuary  | Entered an ossuary
  4494 | Ossuary  | Reached skill level 6 in Fighting
  4763 | Ossuary  | Reached XP level 7. HP: 43/57 MP: 0/0
  4763 | Ossuary  | Learned a level 3 spell: Spider Form
  5240 | Ossuary  | Reached skill level 7 in Fighting
  6024 | D:4      | Found a staircase to the Ecumenical Temple.
  6246 | D:4      | Identified the +3 leather armour of the Ancient Ships
                  | {rPois}
  6616 | D:5      | Entered Level 5 of the Dungeon
  6678 | D:5      | You are sucked into a shaft and drop 2 floors!
  6711 | D:6      | Reached skill level 8 in Fighting
  6711 | D:6      | Reached XP level 8. HP: 21/65 MP: 0/0
  7399 | D:5      | Reached skill level 9 in Fighting
  8867 | D:5      | Reached skill level 1 in Long Blades
  9251 | D:5      | Noticed Sigmund
  9270 | D:5      | Killed Sigmund
  9564 | Temple   | Entered the Ecumenical Temple
  9622 | Temple   | Became a worshipper of Makhleb the Destroyer
  9679 | D:6      | Reached XP level 9. HP: 29/72 MP: 0/0
  9679 | D:6      | Learned a level 3 spell: Portal Projectile
  9952 | D:6      | Identified the ring "Naitum" {rC+ AC+4 Str+4 Slay+6}
 12114 | D:7      | Reached skill level 1 in Armour
 12123 | D:7      | Reached * piety under Makhleb
 12749 | D:8      | Noticed Joseph
 12781 | D:8      | Killed Joseph
 12782 | D:8      | Reached skill level 5 in Spellcasting
 12958 | D:8      | Reached skill level 5 in Long Blades
 12958 | D:8      | Reached XP level 10. HP: 28/78 MP: 0/0
 13909 | D:8      | Reached skill level 5 in Dodging
 14394 | D:8      | Found Jenkenecs's Distillery.
 14402 | D:8      | Bought a potion of heal wounds for 70 gold pieces
 14734 | D:8      | Found a staircase to the Lair.
 15265 | D:9      | Reached ** piety under Makhleb
 15368 | D:9      | Reached skill level 5 in Armour
 15399 | D:9      | Reached XP level 11. HP: 46/84 MP: 0/0
 15399 | D:9      | Learned a level 4 spell: Fulminant Prism
 15588 | D:9      | Identified 2 scrolls of acquirement
 15594 | D:9      | Acquired a manual of Fighting
 15596 | D:9      | Acquired the ring of the Everdark {rElec Int+6}
 15623 | D:9      | Found a staircase to the Orcish Mines.
 16271 | D:9      | Found a sparkling altar of Nemelex Xobeh.
 16319 | D:10     | Entered Level 10 of the Dungeon
 16464 | D:10     | Reached *** piety under Makhleb
 16796 | D:10     | Noticed a two-headed ogre
 16802 | D:10     | Killed a two-headed ogre
 16803 | D:10     | Reached skill level 10 in Fighting
 18729 | D:11     | Found Omyfecw's Weapon Shop.
 18776 | D:11     | Noticed a two-headed ogre
 18795 | D:11     | Killed a two-headed ogre
 18951 | D:11     | Reached XP level 12. HP: 69/93 MP: 0/0
 19468 | D:11     | Reached skill level 11 in Fighting
 19933 | D:11     | Reached **** piety under Makhleb
 20518 | D:12     | Noticed a two-headed ogre
 20531 | D:12     | Killed a two-headed ogre
 20569 | D:12     | Noticed a boulder beetle
 20768 | D:12     | Found a frozen archway.
 20775 | D:12     | Reached skill level 12 in Fighting
 20794 | IceCv    | Entered an ice cave
 21808 | IceCv    | Noticed an ice dragon
 21808 | IceCv    | Noticed an ice dragon
 21811 | IceCv    | Killed from afar by an ice dragon

Illustrated notes

Levels and vault maps discovered:
D:1:      dpeg_arrival_water_altar, layout_basic,
          shapermc_ecumenical_altar_hornbeckon
D:2:      layout_loops_ring, basic_altar
D:3:      layout_basic, chequers_big_river
D:4:      layout_loops_ring, lemuel_zombie_altar_kikubaaqudgha,
          minmay_temple_entry_from_below_b, enter_ossuary_3
D:5:      layout_rooms, uniq_sigmund
D:6:      layout_layer_cave
D:7:      layout_loops_ring
D:8:      layout_basic, lair_entry_dummy, serial_shops, shop,
          chequers_serial_rivers_micro_b, amcnicky_mini_rare_corridor_liquid,
          minmay_puff, uniq_joseph
D:9:      layout_basic, nemelex_spade_bored_becter, zombieorc1_lemuel
D:10:     layout_small_grid, minmay_fractal_squares_5
D:11:     layout_loops_ring, special_room [special_room_bee], serial_shops,
          nicolae_diamond_shop, chequers_decorated_corner
D:12:     layout_basic, portal_ice_cave_entry_ice_beasts
Temple:   regret_index_temple_chain_breaker
IceCv:    ice_cave_small_dragons

Skill      XL: |  1  2  3  4  5  6  7  8  9 10 11 12 |
---------------+-------------------------------------+-----
Fighting       | 1 2 3 4 5 6 8 9 10 12 | 12.7
Long Blades    | 2 5 6 7 8 |  8.9
Spellcasting   | 3 5 6 7 8 |  8.1
Armour         | 2 5 6 |  6.5
Dodging        | 4 6 7 8 |  8.0
Stealth        | |  1.5

Action                   |  1- 3 |  4- 6 |  7- 9 | 10-12 || total
-------------------------+-------+-------+-------+-------++-------
Melee: Whip              |     5 |       |       |       ||     5
       Unarmed           |     1 |       |       |       ||     1
       Falchion          |    24 |    27 |   114 |    79 ||   244
       Great sword       |       |       |       |    99 ||    99
 Cast: Foxfire           |    64 |   159 |   264 |    34 ||   521
       Freeze            |       |     6 |       |       ||     6
       Blink             |       |     1 |     3 |     2 ||     6
       Inner Flame       |       |       |     9 |    35 ||    44
       Sticky Flame      |       |       |    13 |    60 ||    73
       Fireball          |       |       |       |    58 ||    58
  Use: Potion            |       |       |     3 |     3 ||     6
       Scroll            |       |       |       |    26 ||    26
 Stab: Sleeping          |     2 |       |       |     2 ||     4
       Distracted        |       |       |       |     1 ||     1
Armor: Robe              |    19 |    22 |    14 |       ||    55
       Leather armour    |       |       |   135 |   101 ||   236
Dodge: Dodged            |    49 |    51 |   182 |   194 ||   476
Block: Other             |       |       |       |    62 ||    62
       Reflection        |       |       |       |     3 ||     3
       Rpst.: Falchion   |     9 |    12 |    44 |    12 ||    77
       Great sword       |       |       |       |    31 ||    31

Table legend: (Time is in decaauts)
 A = Elapsed time spent in this place.
 B = Non-inter-level travel time spent in this place.
 C = Inter-level travel time spent in this place.
 D = Time resting spent in this place.
 E = Time spent auto-exploring this place.
 F = Levels seen in this place.
 G = Mean time per level.
                   A        B        C        D        E       F      G
               +--------+--------+--------+--------+--------+-----+--------+
         Total |  21912 |  21360 |    552 |   4789 |  13763 |  15 | 1460.8 |
       Dungeon |  19109 |  18570 |    539 |   3995 |  12113 |  12 | 1592.4 |
        Temple |     71 |     59 |     12 |      0 |     54 |   1 |   71.0 |
       Ossuary |   1712 |   1712 |      0 |      0 |   1457 |   1 | 1712.0 |
      Ice Cave |   1018 |   1018 |      0 |    794 |    139 |   1 | 1018.0 |
               +--------+--------+--------+--------+--------+-----+--------+

Top non-repeatable levels by time:
     D:6: 2360 daAuts
     D:4: 2360 daAuts
    D:10: 2082 daAuts
     D:8: 1787 daAuts
     D:1: 1763 daAuts
 Ossuary: 1712 daAuts
     D:9: 1697 daAuts
    D:11: 1666 daAuts
     D:7: 1426 daAuts
     D:3: 1258 daAuts
     D:2: 1132 daAuts
     D:5: 1068 daAuts
   IceCv: 1018 daAuts
    D:12: 505 daAuts
  Temple: 71 daAuts
